 Dungeon Crawl Stone Soup version 0.29-a0-492-g10b964d8d7 (webtiles) character file.

Game seed: 448614246482973822

46 Impy the Magician (level 3, -1/25 HPs)
             Began as a Djinni Conjurer on May 27, 2022.
             Slain by Natasha (2 damage)
             ... on level 2 of the Dungeon.
             The game lasted 00:05:47 (1587 turns).

Impy the Magician (Djinni Conjurer)                 Turns: 1587, Time: 00:05:47

Health: -1/25      AC:  2    Str:  6    XL:     3   Next: 92%
Gold:   67         EV: 12    Int: 21    God:
                   SH:  0    Dex: 11

rFire   + + +      SeeInvis .   b - staff of fire
rCold   x . .      Faith    .   (no shield)
rNeg    . . .      Spirit   .   a - +0 robe
rPois   ∞          Reflect  .   (no helmet)
rElec   .          Harm     .   (no cloak)
rCorr   .          Rampage  .   (no gloves)
Will    .....                   (boots unavailable)
Stlth   ++........              (no amulet)
HPRegen 0.08/turn               (no ring)
MPRegen 0.00/turn               (no ring)

@: flying, slowed, very slow
A: sickness immunity, fire resistance 2, cold vulnerability 1, float, innate
caster, HP casting, extra vitality 1
a: no special abilities


You were on level 2 of the Dungeon.
You visited 1 branch of the dungeon, and saw 2 of its levels.

You collected 67 gold pieces.

Inventory:

Armour
 a - a +0 robe (worn)
Magical Staves
 b - a staff of fire (weapon)
Scrolls
 d - 4 scrolls of identify
Potions
 c - a potion of brilliance


   Skills:
 + Level 3.4 Dodging
 - Level 1.5 Stealth
 + Level 3.7 Spellcasting


You couldn't memorise any spells.
You knew the following spells:

 Your Spells              Type           Power      Damage    Failure   Level
a - Magic Dart            Conj           76%        1d6       2%          1
b - Searing Ray           Conj           38%        2d5       4%          2
c - Dazzling Flash        Conj/Hex       38%        N/A       8%          3
d - Fulminant Prism       Conj/Hex       9%         3d7       26%         4
e - Iskenderun's Mystic   Conj/Tloc      19%        2d6       26%         4
f - Summon Small Mammal   Summ           76%        N/A       2%          1
Your spell library was empty.

Dungeon Overview and Level Annotations

Branches:
Dungeon (2/15)

Altars:

Annotations:
D:2 Natasha


Innate Abilities, Weirdness & Mutations

You are immune to sickness and miasma.
You are immune to poison.
Your flesh is very heat resistant. (rF++)
You are vulnerable to cold. (rC-)
You float through the air rather than walking.
You learn spells naturally, not from books.
Your magical power is your life essence.
You have superior vitality. (+4 MHP)


Message History

Press: ? - help, Shift-Dir - straight line, f/p - Natasha
Aim: Natasha (72% to hit)
The searing ray misses Natasha. (Press . to maintain the ray.)
The searing ray hits Natasha.
Natasha is moderately wounded.
The searing ray hits Natasha.
Natasha is severely wounded.
The searing ray hits Natasha but does no damage.
Natasha is severely wounded.
You finish channelling your searing ray.
Natasha casts a spell at you.
You feel yourself slow down. Natasha closely misses you. Natasha claws you!
Casting: Searing Ray (safe; 4% risk of failure)
Confirm with . or Enter, or press ? or * to list all spells.
Aiming: Searing Ray (safe; 4% risk of failure)
Press: ? - help, Shift-Dir - straight line, f/p - Natasha
Aim: Natasha (severely wounded, 72% to hit)
The searing ray hits Natasha.
Natasha is severely wounded. (Press . to maintain the ray.) Natasha stares at you and mumbles some strange words.
The magic dart hits you!
* * * LOW HITPOINT WARNING * * *
Without enough magic to sustain it, your searing ray dissipates.
Natasha closely misses you.
Natasha wildly gestures.
Natasha shimmers violently.
Natasha casts a spell at you.
You feel as though you will be slow longer.
A quokka comes into view.
Okay, then.
Okay, then.
You aren't carrying any items that you can evoke.
Unknown command.
You hit Natasha.
Natasha is almost dead.
Natasha claws you.
You die...

.P♣PP.........#
...♣..#.#######
._♣♣P.#'## .
♣♣P....## ♣.......##
## P..........## ..##
............####...##
..+.........'.......#
# #.........##@.....#
##.......###h.......
##.....## #...##.##
##...## #...# # ##+#
#.... #..### #r.#
#...


You could see Natasha and a quokka.

Vanquished Creatures
  An adder (D:2)
  A dart slug (D:1)
  3 orcs (D:2)
  5 endoplasms (D:1)
  A giant cockroach (D:1)
  A goblin (D:1)
  4 hobgoblins
  6 kobolds (D:1)
  A ball python (D:2)
  2 bats (D:1)
  A frilled lizard (D:1)
  5 rats (D:1)
31 creatures vanquished.

Notes
Turn   | Place    | Note
-------+----------+-------------------------------------------
     0 | D:1      | Impy the Djinni Conjurer began the quest for the Orb.
     0 | D:1      | Reached XP level 1. HP: 15/15 MP: 0/0
   291 | D:1      | Reached XP level 2. HP: 18/21 MP: 0/0
   696 | D:1      | Reached XP level 3. HP: 23/25 MP: 0/0
   696 | D:1      | Learned a level 1 spell: Summon Small Mammal
  1559 | D:2      | Found a faded altar of an unknown god.
  1578 | D:2      | Noticed Natasha
  1585 | D:2      | HP: 1/25 [Natasha/magic dart (9)]
  1587 | D:2      | Slain by Natasha

Illustrated notes

Levels and vault maps discovered:
D:1:      scummos_arrival_hexagon, layout_rooms
D:2:      layout_loops_corners, dreamdust_ecumenical_altar_grove, uniq_terence,
          uniq_natasha

Skill      XL: |  1  2 |
---------------+-------+-----
Dodging        | 3 |  3.4
Stealth        | |  1.5
Spellcasting   | |  3.7

Action                   || total
-------------------------++-------
Melee: Staff             ||     1
 Cast: Magic Dart        ||    56
       Searing Ray       ||     4
  Use: Potion            ||     6
       Scroll            ||     3
Dodge: Dodged            ||     6

Table legend: (Time is in decaauts)
 A = Elapsed time spent in this place.
 B = Non-inter-level travel time spent in this place.
 C = Inter-level travel time spent in this place.
 D = Time resting spent in this place.
 E = Time spent auto-exploring this place.
 F = Levels seen in this place.
 G = Mean time per level.
                   A        B        C        D        E       F      G
               +--------+--------+--------+--------+--------+-----+--------+
         Total |   1568 |   1548 |     20 |      0 |   1393 |   2 |  784.0 |
       Dungeon |   1568 |   1548 |     20 |      0 |   1393 |   2 |  784.0 |
               +--------+--------+--------+--------+--------+-----+--------+

Top non-repeatable levels by time:
     D:1: 1110 daAuts
     D:2: 458 daAuts
